NWL (28 & UNDER)
CULVER CITY EXTRAS @ BISMARK BORDER GUARDS
04/09/2030
 
TOP OF THE 1ST
Culver City Extras batting - Pitching for Bismark Border Guards : RHP Nick Clark
Pitching: RHP Nick Clark
Batting: RHB Marcos Lińares 0-0: Foul Ball, location: 2F
0-1: Ball
1-1: Swinging Strike
1-2: SINGLE (Line Drive, 89S)
Batting: RHB Jason McIntosh 0-0: Ball
1-0: Foul Ball, location: 2F
1-1: Ball
2-1: Called Strike
2-2: Strikes out swinging
Batting: LHB Ernesto Meléndez 0-0: Called Strike
Marcos Lińares steals 2nd base
0-1: Called Strike
0-2: Foul Ball, location: 2F
0-2: Foul Ball, location: 2F
0-2: SINGLE (Groundball, 25) (infield hit)
Marcos Lińares to third
Batting: LHB Trey Fitzpatrick 0-0: Ball
1-0: Called Strike
1-1: Foul Ball, location: 2F
1-2: Foul Ball, location: 2F
1-2: Ball
2-2: Ball
3-2: Fly out, F8 (Flyball, 8LM)
Runner from 3rd tags up, SCORES, no throw
Batting: LHB Tony Smith 0-0: Called Strike
0-1: SINGLE (Line Drive, 89S)
Ernesto Meléndez to second
Batting: LHB Buddy Rice 0-0: Called Strike
0-1: Foul Ball, location: 2F
0-2: Ball
1-2: Fly out, F7 (Flyball, 7)
Top of the 1st over - 1 run, 3 hits, 0 errors, 2 left on base; Culver City 1 - Bismark 0
BOTTOM OF THE 1ST
Bismark Border Guards batting - Pitching for Culver City Extras : RHP Rubén Cruz
Pitching: RHP Rubén Cruz
Batting: RHB Alfredo Farías 0-0: Ball
1-0: Ball
2-0: Foul Ball, location: 2F
2-1: SINGLE (Groundball, 4MS) (infield hit)
Batting: RHB Danny Spode 0-0: Foul Ball, location: 2F
0-1: Ball
1-1: Ball
2-1: Foul Ball, location: 2F
2-2: Grounds into double play, 6-4-3 (Groundball, 6)
Batting: RHB Sergio Solíz 0-0: Called Strike
0-1: Swinging Strike
0-2: Ball
1-2: Foul Ball, location: 2F
1-2: SINGLE (Groundball, 4MD)
Batting: LHB Alan Moore 0-0: Ball
1-0: Called Strike
1-1: Swinging Strike
1-2: Ball
2-2: Ball
3-2: Strikes out swinging
Bottom of the 1st over - 0 runs, 2 hits, 0 errors, 1 left on base; Culver City 1 - Bismark 0
TOP OF THE 2ND
Culver City Extras batting - Pitching for Bismark Border Guards : RHP Nick Clark
Batting: LHB Ramiro Venegas 0-0: Called Strike
0-1: Foul Ball, location: 2F
0-2: Ball
1-2: Ball
2-2: Foul Ball, location: 2F
2-2: Strikes out swinging
Batting: RHB John Stevens 0-0: Ball
1-0: Foul Ball, location: 2F
1-1: Swinging Strike
1-2: Ball
2-2: Fly out, F8 (Flyball, 8RD)
Batting: RHB Jesús Herrera 0-0: Ball
1-0: Fly out, F6 (Popup, 56)
Top of the 2nd over - 0 runs, 0 hits, 0 errors, 0 left on base; Culver City 1 - Bismark 0
BOTTOM OF THE 2ND
Bismark Border Guards batting - Pitching for Culver City Extras : RHP Rubén Cruz
Batting: RHB Leonard Harris 0-0: Foul Ball, location: 2F
0-1: Swinging Strike
0-2: Ball
1-2: Foul Ball, location: 2F
1-2: Strikes out looking
Batting: SHB Richard Griffin 0-0: Foul Ball, location: 2F
0-1: Ground out 6-3 (Groundball, 6)
Batting: LHB Manuel Pérez 0-0: Ball
1-0: Fly out, F9 (Flyball, 9)
Bottom of the 2nd over - 0 runs, 0 hits, 0 errors, 0 left on base; Culver City 1 - Bismark 0
TOP OF THE 3RD
Culver City Extras batting - Pitching for Bismark Border Guards : RHP Nick Clark
Batting: RHB Marcos Lińares 0-0: Called Strike
0-1: SOLO HOME RUN (Flyball, 7D), Distance : 383 ft
Batting: RHB Jason McIntosh 0-0: Called Strike
0-1: SINGLE (Flyball, 9LM)
Batting: LHB Ernesto Meléndez 0-0: Ball
1-0: Ball
2-0: Foul Ball, location: 2F
2-1: Ball
3-1: Base on Balls
Jason McIntosh to second
Batting: LHB Trey Fitzpatrick 0-0: Called Strike
0-1: Foul Ball, location: 2F
0-2: Strikes out swinging
Batting: LHB Tony Smith 0-0: Ball
1-0: 3-RUN HOME RUN (Flyball, 9LD), Distance : 360 ft
Batting: LHB Buddy Rice 0-0: Foul Ball, location: 2F
0-1: DOUBLE (Line Drive, 7LD)
Batting: LHB Ramiro Venegas 0-0: Ball
1-0: Called Strike
1-1: Ball
2-1: Fly out, F4 (Popup, 4M)
Batting: RHB John Stevens 0-0: Ball
1-0: Ball
2-0: Ball
3-0: Base on Balls
Batting: RHB Jesús Herrera 0-0: Ball
1-0: Ball
2-0: Ball
3-0: Called Strike
3-1: Ground out 5-3 (Groundball, 56S)
Top of the 3rd over - 4 runs, 4 hits, 0 errors, 2 left on base; Culver City 5 - Bismark 0
BOTTOM OF THE 3RD
Bismark Border Guards batting - Pitching for Culver City Extras : RHP Rubén Cruz
Batting: LHB Kelsey Scott 0-0: SINGLE (Line Drive, 4D)
Batting: RHB Rodrigo García 0-0: Ball
1-0: Ball
2-0: Grounds into double play, 4-6-3 (Groundball, 4)
Batting: RHB Alfredo Farías 0-0: Ball
1-0: Ball
2-0: Fly out, F8 (Flyball, 8RS)
Bottom of the 3rd over - 0 runs, 1 hit, 0 errors, 0 left on base; Culver City 5 - Bismark 0
TOP OF THE 4TH
Culver City Extras batting - Pitching for Bismark Border Guards : RHP Nick Clark
Batting: RHB Marcos Lińares 0-0: Fly out, F9 (Flyball, 89S)
Batting: RHB Jason McIntosh 0-0: Ball
1-0: Ball
2-0: SOLO HOME RUN (Flyball, 7LD), Distance : 373 ft
Batting: LHB Ernesto Meléndez 0-0: Ball
1-0: Ball
2-0: Called Strike
2-1: Swinging Strike
2-2: Fly out, F8 (Flyball, 8LM)
Batting: LHB Trey Fitzpatrick 0-0: Hit by Pitch
Batting: LHB Tony Smith 0-0: Ball
1-0: Ball
2-0: Called Strike
2-1: Ball
3-1: Foul Ball, location: 2F
3-2: Ground out 4-3 (Groundball, 4)
Top of the 4th over - 1 run, 1 hit, 0 errors, 1 left on base; Culver City 6 - Bismark 0
BOTTOM OF THE 4TH
Bismark Border Guards batting - Pitching for Culver City Extras : RHP Rubén Cruz
Batting: RHB Danny Spode 0-0: Swinging Strike
0-1: Ball
1-1: Called Strike
1-2: Strikes out swinging
Batting: RHB Sergio Solíz 0-0: Ball
1-0: Ball
2-0: Ball
3-0: Base on Balls
Batting: LHB Alan Moore 0-0: Ball
Sergio Solíz is caught stealing 2nd base
1-0: Called Strike
1-1: Ball
2-1: Ball
3-1: Called Strike
3-2: Base on Balls
Batting: RHB Leonard Harris 0-0: Ball
1-0: Called Strike
1-1: Swinging Strike
1-2: Foul Ball, location: 2F
1-2: Strikes out looking
Bottom of the 4th over - 0 runs, 0 hits, 0 errors, 1 left on base; Culver City 6 - Bismark 0
TOP OF THE 5TH
Culver City Extras batting - Pitching for Bismark Border Guards : RHP Nick Clark
Pitching: RHP Robert Alexander
Batting: LHB Buddy Rice 0-0: Swinging Strike
0-1: Ball
1-1: SINGLE (Groundball, 56D)
Batting: LHB Ramiro Venegas 0-0: Swinging Strike
0-1: Foul Ball, location: 2F
0-2: Fly out, F9 (Flyball, 9)
Batting: RHB John Stevens 0-0: Ball
1-0: Called Strike
1-1: Grounds into double play, 4-6-3 (Groundball, 4)
Top of the 5th over - 0 runs, 1 hit, 0 errors, 0 left on base; Culver City 6 - Bismark 0
BOTTOM OF THE 5TH
Bismark Border Guards batting - Pitching for Culver City Extras : RHP Rubén Cruz
Batting: SHB Richard Griffin 0-0: Called Strike
0-1: Ball
1-1: Ground out 6-3 (Groundball, 6)
Batting: LHB Manuel Pérez 0-0: Called Strike
0-1: Fly out, F4 (Line Drive, 4M)
Now at 2B: Richard Bell
Batting: LHB Kelsey Scott 0-0: Ball
1-0: Called Strike
1-1: Ball
2-1: Ball
3-1: Base on Balls
Batting: RHB Rodrigo García 0-0: Ball
1-0: Ball
Throwing error on steal attempt, E2
Kelsey Scott to third
2-0: Called Strike
2-1: Foul Ball, location: 2F
2-2: Fly out, F4 (Popup, 4)
Bottom of the 5th over - 0 runs, 0 hits, 1 error, 1 left on base; Culver City 6 - Bismark 0
TOP OF THE 6TH
Culver City Extras batting - Pitching for Bismark Border Guards : RHP Robert Alexander
Batting: RHB Jesús Herrera 0-0: Foul Ball, location: 2F
0-1: Ball
1-1: Swinging Strike
1-2: Ball
2-2: Fly out, F9 (Flyball, 9S)
Batting: LHB Richard Bell 0-0: Ball
1-0: Ball
2-0: Ball
3-0: Base on Balls
Batting: RHB Jason McIntosh 0-0: Swinging Strike
0-1: Foul Ball, location: 2F
0-2: Ball
1-2: Strikes out swinging
Batting: LHB Ernesto Meléndez 0-0: Called Strike
0-1: Ball
1-1: Fly out, F7 (Flyball, 7D)
Top of the 6th over - 0 runs, 0 hits, 0 errors, 1 left on base; Culver City 6 - Bismark 0
BOTTOM OF THE 6TH
Bismark Border Guards batting - Pitching for Culver City Extras : RHP Rubén Cruz
Batting: RHB Alfredo Farías 0-0: Ball
1-0: Fly out, F8 (Flyball, 8RD)
Batting: RHB Danny Spode 0-0: Ball
1-0: Foul Ball, location: 2F
1-1: Called Strike
1-2: Ball
2-2: Ball
3-2: Foul Ball, location: 2F
3-2: SINGLE (Line Drive, 6MD)
Batting: RHB Sergio Solíz 0-0: Called Strike
0-1: Ball
1-1: Called Strike
1-2: Ball
2-2: Strikes out swinging
Batting: LHB Alan Moore 0-0: Ball
1-0: Foul Ball, location: 2F
1-1: SINGLE (Line Drive, 7LS)
Danny Spode to second
Batting: RHB Leonard Harris 0-0: Ball
1-0: Called Strike
1-1: Ball
2-1: Foul Ball, location: 2F
2-2: Foul Ball, location: 2F
2-2: Foul Ball, location: 2F
2-2: Ball
3-2: Fly out, F5 (Line Drive, 6)
Bottom of the 6th over - 0 runs, 2 hits, 0 errors, 2 left on base; Culver City 6 - Bismark 0
TOP OF THE 7TH
Culver City Extras batting - Pitching for Bismark Border Guards : RHP Robert Alexander
Batting: LHB Trey Fitzpatrick 0-0: Ball
1-0: Ball
2-0: Foul Ball, location: 2F
2-1: SINGLE (Groundball, 34D)
Batting: LHB Tony Smith 0-0: Foul Ball, location: 2F
0-1: Swinging Strike
0-2: SINGLE (Flyball, 9LS)
Trey Fitzpatrick to second
Runner from 2nd tries for 3rd, SAFE, no throw
Batting: LHB Buddy Rice 0-0: Swinging Strike
0-1: Ball
1-1: Fly out, F8 (Flyball, 8LM)
Runner from 3rd tags up, SCORES, no throw
Batting: LHB Ramiro Venegas 0-0: Ball
1-0: Ball
2-0: Ball
3-0: Called Strike
3-1: Swinging Strike
3-2: Foul Ball, location: 2F
3-2: Foul Ball, location: 2F
3-2: Grounds into double play, 5-4-3 (Groundball, 56)
Top of the 7th over - 1 run, 2 hits, 0 errors, 0 left on base; Culver City 7 - Bismark 0
BOTTOM OF THE 7TH
Bismark Border Guards batting - Pitching for Culver City Extras : RHP Rubén Cruz
Now at 1B: Norberto Muńóz
Now at SS: Dave Anderson
Now in RF: Joey Boyd
Batting: SHB Richard Griffin 0-0: Ball
1-0: Ball
2-0: Ball
3-0: Called Strike
3-1: DOUBLE (Flyball, 8RXD)
Batting: LHB Manuel Pérez 0-0: Swinging Strike
0-1: Ball
1-1: Ground out 4-3 (Groundball, 4)
Richard Griffin to third
Batting: LHB Kelsey Scott 0-0: Ball
1-0: Ball
2-0: Called Strike
2-1: Foul Ball, location: 2F
2-2: Foul Ball, location: 2F
2-2: Ball
Wild Pitch!
Richard Griffin scores
3-2: Foul Ball, location: 2F
3-2: Fly out, F8 (Flyball, 8LD)
Batting: RHB Rodrigo García 0-0: Ball
1-0: Foul Ball, location: 2F
1-1: Ball
2-1: Ball
3-1: Called Strike
3-2: Ground out 5-3 (Groundball, 56S)
Bottom of the 7th over - 1 run, 1 hit, 0 errors, 0 left on base; Culver City 7 - Bismark 1
TOP OF THE 8TH
Culver City Extras batting - Pitching for Bismark Border Guards : RHP Robert Alexander
Batting: RHB John Stevens 0-0: Called Strike
0-1: Ball
1-1: Ball
2-1: Fly out, F8 (Flyball, 8RXD)
Batting: RHB Jesús Herrera 0-0: Called Strike
0-1: Swinging Strike
0-2: Foul Ball, location: 2F
0-2: Strikes out swinging
Batting: LHB Richard Bell 0-0: Foul Ball, location: 2F
0-1: Ball
1-1: Called Strike
1-2: Ball
2-2: Ball
3-2: Base on Balls
Batting: RHB Jason McIntosh 0-0: Called Strike
0-1: Ball
1-1: Swinging Strike
1-2: Ball
2-2: Strikes out swinging
Top of the 8th over - 0 runs, 0 hits, 0 errors, 1 left on base; Culver City 7 - Bismark 1
BOTTOM OF THE 8TH
Bismark Border Guards batting - Pitching for Culver City Extras : RHP Rubén Cruz
Pitching: RHP Clancy Green
Batting: RHB Alfredo Farías 0-0: Called Strike
0-1: Swinging Strike
0-2: Ball
1-2: Fly out, F8 (Flyball, 8RM)
Batting: RHB Danny Spode 0-0: Ball
1-0: Ball
2-0: Foul Ball, location: 2F
2-1: Ball
3-1: Base on Balls
Batting: RHB Sergio Solíz 0-0: Ball
1-0: Ball
2-0: Swinging Strike
2-1: Foul Ball, location: 2F
2-2: Foul Ball, location: 2F
2-2: Fly out, F8 (Flyball, 8LXD)
Batting: LHB Alan Moore 0-0: Fly out, F7 (Line Drive, 78M)
Bottom of the 8th over - 0 runs, 0 hits, 0 errors, 1 left on base; Culver City 7 - Bismark 1
TOP OF THE 9TH
Culver City Extras batting - Pitching for Bismark Border Guards : RHP Robert Alexander
Batting: LHB Ernesto Meléndez 0-0: Called Strike
0-1: SOLO HOME RUN (Flyball, 9LD), Distance : 371 ft
Batting: RHB Dave Anderson 0-0: Ball
1-0: Ball
2-0: Ball
3-0: Base on Balls
Pitching: RHP Steve Benson
Batting: SHB Norberto Muńóz 0-0: Called Strike
0-1: Ball
1-1: Called Strike
1-2: Strikes out swinging
Batting: LHB Buddy Rice 0-0: Ball
1-0: Foul Ball, location: 2F
1-1: Ball
2-1: SINGLE (Line Drive, 4M)
Dave Anderson to second
Batting: SHB Joey Boyd 0-0: Ball
1-0: Swinging Strike
1-1: Foul Ball, location: 2F
1-2: Ball
2-2: Foul Ball, location: 2F
2-2: Strikes out swinging
Pinch Hitting: LHB Iván Espinosa 0-0: Ball
1-0: SINGLE (Groundball, 34D)
Dave Anderson to third
Buddy Rice to second
Runner from 3rd tries for Home, SAFE, no throw
Batting: RHB Jesús Herrera 0-0: Foul Ball, location: 2F
0-1: Ball
1-1: SINGLE (Groundball, 34D)
Buddy Rice to third
Iván Espinosa to second
Runner from 3rd tries for Home, SAFE, no throw
Batting: LHB Richard Bell 0-0: Fielders Choice at 2nd, 6-4 (Groundball, 6)
Top of the 9th over - 3 runs, 4 hits, 0 errors, 2 left on base; Culver City 10 - Bismark 1
BOTTOM OF THE 9TH
Bismark Border Guards batting - Pitching for Culver City Extras : RHP Clancy Green
Now in RF: Iván Espinosa
Batting: RHB Leonard Harris 0-0: Ground out 4-3 (Groundball, 4)
Batting: SHB Richard Griffin 0-0: Foul Ball, location: 2F
0-1: DOUBLE (Line Drive, 9LD)
Batting: LHB Manuel Pérez 0-0: Ground out U3 (Groundball, 34)
Richard Griffin to third
Batting: LHB Kelsey Scott 0-0: Called Strike
0-1: Ball
1-1: SINGLE (Groundball, 4) (infield hit)
Richard Griffin scores
Batting: RHB Rodrigo García 0-0: Ball
1-0: Swinging Strike
1-1: Fly out, F7 (Flyball, 7)
Bottom of the 9th over - 1 run, 2 hits, 0 errors, 1 left on base; Culver City 10 - Bismark 2
Saturday, April 7th, 2018 - OOTP Baseball 18.8 Build 76